AoeStats
← MooseMooch

Arabia

509290395Analyzed
1v1 RM · 5d ago on Sep 26, 2026· 61m 22s· 2 players
Game mode
Random Map
Map size
Tiny (2 player)
Population
200
Speed
Normal
Resources
Standard
Victory
Conquest
Starting age
Dark Age
Ending age
Imperial Age
RankedLock teamsTeams togetherTeam positionsShared explorationLock speedFull tech treeHidden civsTurbo modeCheats
Victory
Defeat
🇺🇸 Turks · United States
1260
+16
🇩🇪 Portuguese · Germany
1252
-16
MooseMooch
6:21 Loom
8:53 Feudal Age
12:41 Fletching
16:36 Wheelbarrow
20:49 Castle Age
19:51 Padded Archer Armor
20:06 Double-Bit Axe
20:27 Horse Collar
20:58 Crossbowman
22:27 Bodkin Arrow
23:33 Ballistics
25:16 Bow Saw
28:46 Pikeman
29:27 Scale Mail Armor
30:35 Chain Mail Armor
38:37 Imperial Age
38:00 Leather Archer Armor
37:56 Heavy Plow
38:27 Town Watch
39:01 Hand Cart
39:21 Bracer
40:22 Chemistry
39:12 Halberdier
42:47 Plate Mail Armor
43:18 Ring Archer Armor
42:35 Arbalester
43:22 Thumb Ring
47:17 Scale Barding Armor
47:23 Forging
48:05 Husbandry
48:16 Bloodlines
47:27 Light Cavalry
49:34 Chain Barding Armor
50:24 Iron Casting
51:14 Plate Barding Armor
52:34 Blast Furnace
goose
7:25 Loom
9:40 Feudal Age
10:07 Double-Bit Axe
12:51 Horse Collar
21:11 Castle Age
22:37 Bow Saw
22:28 Heavy Plow
22:36 Scale Barding Armor
22:52 Bloodlines
22:55 Forging
24:01 Chain Barding Armor
37:59 Imperial Age
35:16 Town Watch
36:07 Wheelbarrow
35:43 Forging
37:39 Husbandry
38:15 Iron Casting
40:05 Artillery
43:34 Conscription
42:58 Elite Janissary
44:16 Plate Barding Armor
50:14 Padded Archer Armor
53:57 Blast Furnace
53:14 Leather Archer Armor
60:06 Hand Cart
60:25 Ring Archer Armor
59:47 Fletching
60:23 Ballistics
60:13 Masonry
Connection lost

Rejoining the realm…

Still unreachable

The connection could not be restored.

Session expired

The server has moved on; the page needs a fresh start.